 Dungeon Sprint DCSS version 0.25.1-2-g60ff931df9 (webtiles) character file.

Game seed: 7630579069725855699

393 Groucho the Skirmisher (level 6, -3/66 HPs)
             Began as a Naga Fighter on Aug 22, 2020.
             Was a High Priest of Cheibriados.
             Slain by a phantasmal warrior (33 damage)
             ... in the Dungeon (Sprint VII: "The Pits").
             The game lasted 00:02:33 (525 turns).

Groucho the Skirmisher (Naga Fighter)                Turns: 525, Time: 00:02:33

Health: -3/66      AC: 11    Str: 31    XL:     6   Next: 81%
Magic:  9/9        EV:  5    Int: 20    God:    Cheibriados [*****.]
Gold:   0          SH: 13    Dex: 24    Spells: 5/5 levels left

rFire    . . .     SeeInvis +   l - +2 hand axe
rCold    . . .     Gourm    .   c - +0 kite shield
rNeg     . . .     Faith    .   s - +3 chain mail
rPois    +         Spirit   .   (no helmet)
rElec    .         Reflect  .   (no cloak)
rCorr    .         Harm     .   (no gloves)
MR       .....     NoTele   +   (no barding)
Stlth    ..........             (no amulet)
HPRegen  0.21/turn              (no ring)
MPRegen  0.11/turn              (no ring)

@: mighty, vulnerable, very slow
A: large, see invisible, deformed body, poison resistance, slowness 2, slow
metabolism 1, spit poison 1, AC +2
a: Spit Poison, Bend Time, Temporal Distortion, Slouch, Step From Time, Renounce
Religion


You were in the Dungeon.
You worshipped Cheibriados.
Cheibriados was extremely pleased with you.
You were not hungry.

You visited 1 branch

Inventory:

Hand Weapons
 l - a +2 hand axe (weapon)
 m - a +2 mace
Missiles
 q - 10 stones (quivered)
Armour
 c - a +0 kite shield (worn)
 s - a +3 chain mail (worn)
Scrolls
 k - a scroll of blinking
 n - 3 scrolls of remove curse
 o - 5 scrolls of amnesia
 p - a scroll of summoning
Potions
 a - 2 potions of invisibility
 e - 6 potions of curing
 h - a potion of haste
 i - 4 potions of magic
 j - 3 potions of berserk rage
Comestibles
 b - 4 chunks of flesh
 f - 9 rations


   Skills:
 + Level 7.3 Fighting
 + Level 6.9 Axes
 + Level 6.1 Armour
 + Level 6.0 Shields
 + Level 4.9 Invocations


You had 5 spell levels left.
You didn't know any spells.
Your spell library was empty.

Dungeon Overview and Level Annotations

Branches:
Dungeon (1/1)

Altars:
Ashenzari
Cheibriados
Dithmenos
Elyvilon
Fedhas
Gozag
Hepliaklqana
Kikubaaqudgha
Makhleb
Nemelex Xobeh
Okawaru
Qazlal
Ru
Sif Muna
Trog
Uskayaw
Vehumet
Wu Jian
Xom
Yredelemnul
Zin
The Shining One
Beogh
Jiyva
Lugonu


Innate Abilities, Weirdness & Mutations

You cannot wear boots.
Your serpentine skin is tough. (AC +2)
You have supernaturally acute eyesight. (SInv)
Armour fits poorly on your strangely shaped body.
Your system is resistant to poisons. (rPois)
You cover ground very slowly.
You have a slow metabolism.
You can spit poison.


Message History

You feel much better. The phantasmal warrior hits you!
Your chain mail prevents you from hitting the phantasmal warrior.
The phantasmal warrior is heavily damaged.
The phantasmal warrior hits you!!
You hit the phantasmal warrior but do no damage.
The phantasmal warrior is heavily damaged.
The phantasmal warrior hits you!
* * * LOW HITPOINT WARNING * * *
You hit the phantasmal warrior.
The phantasmal warrior is severely damaged.
You block the phantasmal warrior's attack.
You feel much better.
You block the phantasmal warrior's attack.
You feel very mighty all of a sudden.
You block the phantasmal warrior's attack.
You closely miss the phantasmal warrior.
The phantasmal warrior is severely damaged.
The phantasmal warrior hits you!!
Ouch! That really hurt!
You die...

#.#........##.......#
#'###########.......#
#.......# #########
#..#.#..# #.##.##.#
#.......#+#
#.##.##.#.+
#..#.#..#'#
#.......@W#
###########


You could see a phantasmal warrior.

Vanquished Creatures
  2 floating eyes (D)
  A necrophage (D)
  A quasit (D)
  A gnoll shaman (D)
  A mummy (D)
  A gnoll (D)
  A river rat (D)
  An ufetubus (D)
  A leopard gecko (D)
  4 orcs (D)
  2 ball pythons (D)
  2 hobgoblins (D)
  A kobold (D)
19 creatures vanquished.

Notes
Turn   | Place    | Note
-------+----------+-------------------------------------------
     0 | D        | Groucho the Naga Fighter began the quest for the Orb.
     0 | D        | Reached XP level 1. HP: 21/21 MP: 1/1
     8 | D        | Noticed a floating eye
    10 | D        | Paralysed by a floating eye for 2 turns
    13 | D        | Killed a floating eye
    13 | D        | Reached skill level 5 in Fighting
    13 | D        | Reached XP level 2. HP: 32/32 MP: 2/2
    13 | D        | Reached XP level 3. HP: 39/39 MP: 3/3
    13 | D        | Reached XP level 4. HP: 46/46 MP: 4/4
    47 | D        | Found a bloodstained altar of Trog.
    47 | D        | Found a shimmering blue altar of Sif Muna.
    47 | D        | Found a viscous altar of Jiyva.
    47 | D        | Found a hazy altar of Hepliaklqana.
    47 | D        | Found an opulent altar of Gozag.
    48 | D        | Found a glowing golden altar of the Shining One.
    48 | D        | Found a glowing silver altar of Zin.
    48 | D        | Found a basalt altar of Yredelemnul.
    48 | D        | Found a shimmering altar of Xom.
    48 | D        | Found an ornate altar of the Wu Jian Council.
    48 | D        | Found a sacrificial altar of Ru.
    48 | D        | Found a stormy altar of Qazlal.
    48 | D        | Found an iron altar of Okawaru.
    48 | D        | Found a sparkling altar of Nemelex Xobeh.
    48 | D        | Found a burning altar of Makhleb.
    48 | D        | Found a blossoming altar of Fedhas.
    48 | D        | Found a white marble altar of Elyvilon.
    48 | D        | Found a shadowy altar of Dithmenos.
    48 | D        | Found a snail-covered altar of Cheibriados.
    50 | D        | Found a radiant altar of Vehumet.
    50 | D        | Found a corrupted altar of Lugonu.
    50 | D        | Found a roughly hewn altar of Beogh.
    51 | D        | Found a hide-covered altar of Uskayaw.
    51 | D        | Found an ancient bone altar of Kikubaaqudgha.
    51 | D        | Found a shattered altar of Ashenzari.
    59 | D        | Became a worshipper of Cheibriados the Contemplative
    83 | D        | Reached * piety under Cheibriados
    83 | D        | Reached skill level 5 in Axes
   271 | D        | Reached XP level 5. HP: 51/54 MP: 5/5
   276 | D        | Reached ** piety under Cheibriados
   282 | D        | Noticed a floating eye
   285 | D        | Paralysed by a floating eye for 2 turns
   290 | D        | Reached *** piety under Cheibriados
   291 | D        | Paralysed by a floating eye for 3 turns
   293 | D        | Killed a floating eye
   293 | D        | Reached skill level 6 in Fighting
   293 | D        | Reached skill level 5 in Armour
   293 | D        | Reached skill level 5 in Shields
   293 | D        | Reached XP level 6. HP: 58/63 MP: 5/8
   360 | D        | Noticed a necrophage
   374 | D        | Killed a necrophage
   374 | D        | Reached **** piety under Cheibriados
   374 | D        | Reached skill level 7 in Fighting
   393 | D        | Reached ***** piety under Cheibriados
   499 | D        | Noticed a phantasmal warrior
   525 | D        | Slain by a phantasmal warrior

Illustrated notes

Levels and vault maps discovered:
D:        pitsprint [storerooms_1, entrance_room_1, metal_vault_2, armoury_1,
          mini_pit_1, grid_room_1, main_hall_1, silver_pit, the_coven_2,
          the_vestibule_1, steel_vault_3, golden_pit, hallway_of_sentries,
          crystal_vault_4, iron_vault_1, final_vault]

Skill      XL: |  1  2  3  4  5  6 |
---------------+-------------------+-----
Fighting       | 5 6 7 |  7.3
Axes           | 4 5 6 |  6.9
Armour         | 4 5 6 |  6.1
Shields        | 4 5 6 |  6.0
Invocations    | 3 4 |  4.9

Action                   |  1- 3 |  4- 6 || total
-------------------------+-------+-------++-------
Melee: War axe           |     3 |       ||     3
       Hand axe          |       |    77 ||    77
  Use: Potion            |       |     7 ||     7
Armor: Scale mail        |       |     2 ||     2
       Chain mail        |       |    24 ||    24
Dodge: Dodged            |       |    10 ||    10
Block: Kite shield       |       |    40 ||    40
